 Dungeon Crawl Stone Soup version 0.30-a0-218-gedb9141078 (webtiles) character file.

Game seed: 11433981253254095256

33 AltDragon the Sneak (level 3, 0/28 HPs)
             Began as a Merfolk Brigand on Oct 6, 2022.
             Slain by a worm (2 damage)
             ... on level 2 of the Dungeon.
             The game lasted 00:05:15 (1023 turns).

AltDragon the Sneak (Merfolk Brigand)               Turns: 1023, Time: 00:05:16

Health: 0/28       AC:  7    Str: 19    XL:     3   Next: 29%
Magic:  0/3        EV: 11    Int: 10    God:
Gold:   109        SH:  0    Dex: 15    Spells: 2/2 levels left

rFire   . . .      SeeInvis .    a - +2 dagger
rCold   . . .      Faith    .    (no shield)
rNeg    . . .      Spirit   +    q - +0 ring mail
rPois   .          Reflect  .    j - +0 helmet
rElec   .          Harm     .    c - +0 cloak
rCorr   .          Rampage  .    (no gloves)
Will    .....                    (no boots)
Stlth   ++........               n - amulet of guardian spirit
HPRegen 0.24/turn                h - +6 ring of strength
MPRegen 0.08/turn                (no ring)

@: no status effects
A: (nimble swimmer 2), mertail
a: no special abilities


You were on level 2 of the Dungeon.
You visited 1 branch of the dungeon, and saw 2 of its levels.

You collected 109 gold pieces.

Inventory:

Hand Weapons
 a - a +2 dagger (weapon)
 l - a +0 sling
Missiles
 d - 9 poisoned darts (quivered)
 e - 3 curare-tipped darts
 t - 4 datura-tipped darts
Armour
 b - a +0 robe
 c - a +0 cloak (worn)
 g - a +0 robe
 j - a +0 helmet (worn)
 m - a +0 leather armour
 q - a +0 ring mail (worn)
Jewellery
 h - a +6 ring of strength (left hand)
 n - an amulet of guardian spirit (around neck)
Scrolls
 i - a scroll of vulnerability {unknown}
 k - a scroll of immolation {unknown}
 o - 2 scrolls of teleportation {unknown}
Potions
 f - a potion of brilliance {unknown}
 p - a potion of cancellation
 r - a potion of attraction {unknown}
 s - 2 potions of curing {unknown}
 u - a potion of haste {unknown}


   Skills:
 + Level 2.3 Fighting
 + Level 3.2 Short Blades
 + Level 2.0 Throwing
 + Level 0.1 Armour
 + Level 1.5 Dodging
 + Level 5.1 Stealth


You had 2 spell levels left.
You didn't know any spells.
Your spell library contained the following spells:

 Spells                   Type           Power      Damage    Failure   Level
 Animate Dead             Necr           0%         N/A       100%        4
 Haunt                    Necr/Summ      0%         N/A       100%        7
 Infestation              Necr           0%         N/A       100%        8


Dungeon Overview and Level Annotations

Branches:
Dungeon (2/15)

Altars:

Annotations:
D:2 1 exclusion, Natasha, Sigmund


Innate Abilities, Weirdness & Mutations

((You are very nimble when in or above water. (Stealth+, EV+, Speed+++)))
Your lower body shifts to a powerful aquatic tail in water.


Message History

The worm is heavily wounded.
The worm closely misses you. Natasha barely misses you.
You barely miss the worm.
The worm is heavily wounded.
You hit the worm.
The worm is heavily wounded.
An adder comes into view.
Natasha completely misses you. The worm bites you.
The adder hisses angrily.
You hit the worm.
The worm is heavily wounded.
Natasha claws you but does no damage.
You barely miss the worm.
The worm is heavily wounded.
The worm completely misses you. Natasha claws you.
You completely miss the worm.
The worm is heavily wounded.
Natasha closely misses you.
You hit the worm.
The worm is almost dead.
The worm bites you but does no damage.
You hit the worm.
The worm is almost dead.
Natasha casts a spell.
You completely miss the worm.
The worm is almost dead.
Natasha claws you. The worm closely misses you.
You hit the worm but do no damage.
The worm is severely wounded.
The white imp gestures at you. The puff of frost hits you!
* * * LOW HITPOINT WARNING * * *
Natasha claws you.
* * * LOW HITPOINT WARNING * * *
It was a potion of cancellation.
You feel magically purged. The white imp gestures at you.
The puff of frost hits you.
* * * LOW HITPOINT WARNING * * *
Natasha claws you but does no damage. The worm bites you.
You die...

... ######### #.###
......>.# #.#.. ##
#######)# #.#.# ..# #†#
#.#.# .... ####.####
#.#.# ..<.. #.......#
#.#5#S$.... #
#.##.##.###..@wg.....
####.<...........hS.....
......######.#########.#
#####.# ##.#.#.##
##P##..##..#.#.b##
#...#.##...#.#..P#
##.##..#####.#..P#
#####........#...#
......######.#.P.#


You could see a worm, Natasha, an adder, a white imp (summoned), a goblin and a
ball python.

Vanquished Creatures
  A gnoll (D:1)
  A worm (D:2)
  A dart slug (D:2)
  2 ball pythons
  A bat (D:1)
  2 endoplasms (D:1)
  A goblin (D:2)
  2 hobgoblins
  2 kobolds (D:1)
  2 quokkas (D:1)
  3 frilled lizards (D:1)
18 creatures vanquished.

Notes
Turn   | Place    | Note
-------+----------+-------------------------------------------
     0 | D:1      | AltDragon the Merfolk Brigand began the quest for the Orb.
     0 | D:1      | Reached XP level 1. HP: 16/16 MP: 1/1
   255 | D:1      | Reached XP level 2. HP: 5/22 MP: 2/2
   629 | D:1      | Reached skill level 5 in Stealth
   629 | D:1      | Reached XP level 3. HP: 28/28 MP: 3/3
   729 | D:2      | Noticed Sigmund
  1003 | D:2      | Noticed Natasha
  1023 | D:2      | Slain by a worm

Illustrated notes

Levels and vault maps discovered:
D:1:      giann_horns, layout_rooms
D:2:      layout_loops_ring, serial_aquarium, aquarium_bridge_straight
          [aquarium_subvault_bridge, aquarium_subvault_wall,
          aquarium_subvault_bridge, aquarium_subvault_wall],
          aquarium_bridge_square [aquarium_subvault_bridge,
          aquarium_subvault_bridge, aquarium_subvault_wall,
          aquarium_subvault_bridge], aquarium_window_corner, aquarium_window_1,
          aquarium_window_fake, aquarium_view_2c, aquarium_pool_2,
          uniq_crazy_yiuf_cottage, uniq_sigmund, uniq_natasha

Skill      XL: |  1  2 |
---------------+-------+-----
Short Blades   | 3 |  3.2
Stealth        | 5 |  5.1
Fighting       | |  2.3
Throwing       | |  2.0
Armour         | |  0.1
Dodging        | |  1.5

Action                   || total
-------------------------++-------
Melee: Dagger            ||    87
  Use: Potion            ||     1
 Stab: Sleeping          ||     5
Armor: Robe              ||     2
       Leather armour    ||     4
       Ring mail         ||     8
Dodge: Dodged            ||    32

Table legend: (Time is in decaauts)
 A = Elapsed time spent in this place.
 B = Non-inter-level travel time spent in this place.
 C = Inter-level travel time spent in this place.
 D = Time resting spent in this place.
 E = Time spent auto-exploring this place.
 F = Levels seen in this place.
 G = Mean time per level.
                   A        B        C        D        E       F      G
               +--------+--------+--------+--------+--------+-----+--------+
         Total |   1010 |    891 |    119 |      0 |    649 |   2 |  505.0 |
       Dungeon |   1010 |    891 |    119 |      0 |    649 |   2 |  505.0 |
               +--------+--------+--------+--------+--------+-----+--------+

Top non-repeatable levels by time:
     D:1: 683 daAuts
     D:2: 326 daAuts
